 Dungeon Crawl Stone Soup version 0.30-a0-272-gf98c3da03f (webtiles) character file.

Game seed: 17051553914528228872

102 Jonny2123 the Trooper (level 4, -3/40 HPs)
             Began as a Minotaur Monk on Oct 15, 2022.
             Slain by Duvessa
             ... wielding a +1 short sword of protection
              (7 damage)
             ... on level 4 of the Dungeon.
             The game lasted 00:13:26 (2411 turns).

Jonny2123 the Trooper (Minotaur Monk)               Turns: 2411, Time: 00:13:26

Health: -3/40      AC:  8    Str: 18    XL:     4   Next: 50%
Magic:  3/3        EV:  7    Int:  7    God:
Gold:   209        SH: 13    Dex: 18    Spells: 3/3 levels left

rFire   . . .      SeeInvis .    i - +0 trident
rCold   . . .      Faith    .    h - +0 tower shield
rNeg    . . .      Spirit   .    a - +1 scale mail
rPois   .          Reflect  .    (helmet restricted)
rElec   .          Harm     .    (no cloak)
rCorr   .          Rampage  .    k - +0 pair of gloves
Will    .....                    (no boots)
Stlth   +.........               (no amulet)
HPRegen 0.26/turn                d - +6 ring of dexterity
MPRegen 0.08/turn                (no ring)

@: no status effects
A: horns 2, retaliatory headbutt
a: no special abilities


You were on level 4 of the Dungeon.
You visited 1 branch of the dungeon, and saw 4 of its levels.

You collected 209 gold pieces.

Inventory:

Hand Weapons
 e - a +0 club
 i - a +0 trident (weapon)
 r - a +0 sling
Missiles
 l - 15 stones (quivered)
 m - 2 atropa-tipped darts
Armour
 a - a +1 scale mail (worn)
 c - a +0 leather armour
 h - a +0 tower shield (worn)
 k - a +0 pair of gloves (worn)
Jewellery
 d - a +6 ring of dexterity (left hand)
 o - a ring of wizardry
 p - a ring of poison resistance
Wands
 g - a wand of iceblast (10)
Scrolls
 n - 2 scrolls of blinking
 q - a scroll of noise
 s - a scroll of poison {unknown}
Potions
 b - a potion of ambrosia
 f - a potion of mutation {unknown}
 j - a potion of curing {unknown}


   Skills:
 + Level 4.0 Fighting
 + Level 1.0 Maces & Flails
 + Level 1.9 Armour
 + Level 3.7 Dodging
 + Level 1.7 Stealth
 + Level 2.5 Shields
 + Level 3.8 Unarmed Combat


You had 3 spell levels left.
You didn't know any spells.
Your spell library was empty.

Dungeon Overview and Level Annotations

Branches:
Dungeon (4/15)
 Temple: D:4-7

Altars:

Annotations:
D:4 Dowan, Duvessa


Innate Abilities, Weirdness & Mutations

You have a pair of horns on your head.
You reflexively headbutt those who attack you in melee.


Message History

You barely miss Duvessa. You block Duvessa's attack.
You completely miss Duvessa. You block Duvessa's attack.
Duvessa hits you with a +1 short sword of protection.
Dowan casts a spell.
Dowan blinks!
You hit Duvessa.
Duvessa is lightly wounded.
Dowan hits you with a +0 dagger. You block Duvessa's attack.
Dowan points at you and mumbles some strange words.
You resist with some effort.
Duvessa hits you with a +1 short sword of protection.
You hit Duvessa but do no damage. Your headbutt misses Duvessa.
Duvessa is lightly wounded.
Dowan hits you but does no damage. You block Duvessa's attack.
You closely miss Duvessa. Your headbutt misses Duvessa.
Duvessa is lightly wounded.
You block Dowan's attack.
Duvessa hits you with a +1 short sword of protection.
Dowan hits you but does no damage.
Duvessa hits you with a +1 short sword of protection!
You hit Duvessa but do no damage.
Duvessa is lightly wounded.
Dowan hits you with a +0 dagger. You block Duvessa's attack.
You block Dowan's attack. Duvessa completely misses you.
You furiously retaliate!
You headbutt Duvessa. You hit Duvessa but do no damage. You headbutt Duvessa!
Duvessa is heavily wounded.
Dowan casts a spell.
Dowan blinks!
Duvessa hits you with a +1 short sword of protection.
* * * LOW HITPOINT WARNING * * *
Dowan smirks and points a slender finger.
You block Dowan's attack.
Duvessa hits you with a +1 short sword of protection!
* * * LOW HITPOINT WARNING * * *
You barely miss Duvessa. You headbutt Duvessa, but do no damage.
Duvessa is heavily wounded.
You block Dowan's attack.
Duvessa hits you with a +1 short sword of protection!
You die...

#.# #.# #.##### #.#...
###.#.### . ....)..
....######.#.##########
......e@e.............#
##########.#.########.#
#.#.# #.# #.#.# #.#
#.#.# #.# #.#.# #.#
#.#.# #.# #.#.# #.# #.#


You could see Duvessa and Dowan.

Vanquished Creatures
  An orc wizard (D:4)
  2 dart slugs
  7 orcs
  7 ball pythons
  2 endoplasms (D:3)
  3 giant cockroaches
  9 hobgoblins
  7 jackals
  2 quokkas
  3 bats (D:1)
  3 frilled lizards (D:1)
  2 goblins
  6 kobolds
  5 rats
59 creatures vanquished.

Vanquished Creatures (others)
  A plant (D:2)
1 creature vanquished.

Grand Total: 60 creatures vanquished

Notes
Turn   | Place    | Note
-------+----------+-------------------------------------------
     0 | D:1      | Jonny2123 the Minotaur Monk began the quest for the Orb.
     0 | D:1      | Reached XP level 1. HP: 19/19 MP: 0/0
   157 | D:1      | Reached XP level 2. HP: 21/26 MP: 1/1
   895 | D:1      | Reached skill level 1 in Armour
   967 | D:1      | Reached XP level 3. HP: 33/33 MP: 2/2
  1292 | D:2      | You fall into a shaft and drop 1 floor!
  1518 | D:3      | Reached skill level 1 in Shields
  2071 | D:3      | Reached skill level 4 in Fighting
  2260 | D:4      | Reached XP level 4. HP: 40/40 MP: 3/3
  2284 | D:4      | Reached skill level 1 in Maces & Flails
  2398 | D:4      | Noticed Duvessa
  2398 | D:4      | Noticed Dowan
  2411 | D:4      | Slain by Duvessa

Illustrated notes

Levels and vault maps discovered:
D:1:      grunt_arrival_crossed_arrows, layout_basic, hex_medium,
          hangedman_feature_mirror
D:2:      layout_loops_ring, serial_forest, infiniplex_forest_straight_2,
          infiniplex_forest_clump_long, infiniplex_forest_zigzag_1,
          infiniplex_forest_join, infiniplex_forest_straight_2,
          infiniplex_forest_straight_2, infiniplex_forest_clump_double,
          infiniplex_forest_clump_medium, infiniplex_forest_clump_curved,
          corexii_leaking_fountain
D:3:      layout_basic, minmay_pentomino_pile
D:4:      layout_basic, uniq_blork_the_orc, uniq_duvessa

Skill      XL: |  1  2  3  4 |
---------------+-------------+-----
Armour         | 1 |  1.9
Shields        | 1 2 |  2.5
Fighting       | 4 |  4.0
Maces & Flails | 1 |  1.0
Dodging        | |  3.7
Stealth        | |  1.7
Unarmed Combat | |  3.8

Action                   |  1- 3 |  4- 6 || total
-------------------------+-------+-------++-------
Melee: Unarmed           |    12 |       ||    12
       Club              |    88 |       ||    88
       Headbutt          |    20 |     5 ||    25
       Trident           |    21 |    28 ||    49
  Use: Potion            |     1 |       ||     1
       Scroll            |     5 |       ||     5
Armor: Leather armour    |     9 |       ||     9
       Scale mail        |    43 |    10 ||    53
Dodge: Dodged            |    57 |     6 ||    63
Block: Tower shield      |    82 |    30 ||   112

Table legend: (Time is in decaauts)
 A = Elapsed time spent in this place.
 B = Non-inter-level travel time spent in this place.
 C = Inter-level travel time spent in this place.
 D = Time resting spent in this place.
 E = Time spent auto-exploring this place.
 F = Levels seen in this place.
 G = Mean time per level.
                   A        B        C        D        E       F      G
               +--------+--------+--------+--------+--------+-----+--------+
         Total |   2499 |   2486 |     13 |    300 |    731 |   4 |  624.8 |
       Dungeon |   2499 |   2486 |     13 |    300 |    731 |   4 |  624.8 |
               +--------+--------+--------+--------+--------+-----+--------+

Top non-repeatable levels by time:
     D:1: 1307 daAuts
     D:3: 964 daAuts
     D:4: 211 daAuts
     D:2: 15 daAuts
